 Dungeon Crawl Stone Soup version 0.30-b1-2-g02819fbbbe (webtiles) character file.

Game seed: 2881405230641188883

51 maniek23 the Skirmisher (level 3, -3/31 HPs)
             Began as a Gnoll Hunter on July 25, 2023.
             Was a Believer of Vehumet.
             Slain by Natasha (7 damage)
             ... on level 3 of the Dungeon.
             The game lasted 00:05:31 (994 turns).

maniek23 the Skirmisher (Gnoll Hunter)               Turns: 994, Time: 00:05:32

Health: -3/31      AC:  3    Str: 10    XL:     3   Next: 81%
Magic:  4/4        EV: 13    Int: 10    God:    Vehumet [**....]
Gold:   71         SH:  0    Dex: 15    Spells: 3/4 levels left

rFire   + . .        b - +0 long sword
rCold   x . .        (no shield)
rNeg    . . .        c - +0 leather armour
rPois   .            (no helmet)
rElec   .            (no cloak)
rCorr   .            (no gloves)
SInv    .            (no boots)
Will    +....        (no amulet)
Stlth   ++           k - ring of willpower
HPRegen 0.25/turn    o - ring of fire
MPRegen 0.09/turn

%: no passive effects
@: brilliant
A: fangs 1, strong nose, distributed training
a: Renounce Religion


You were on level 3 of the Dungeon.
You worshipped Vehumet.
Vehumet was pleased with you.
You visited 1 branch of the dungeon, and saw 3 of its levels.

You collected 71 gold pieces.

Inventory:

Hand Weapons
 a - a +0 shortbow
 b - a +0 long sword (weapon)
 d - a +0 sling
Armour
 c - a +0 leather armour (worn)
Jewellery
 k - a ring of willpower (left hand)
 o - a ring of fire (right hand)
Scrolls
 e - 2 scrolls of identify {unknown}
 h - a scroll of fog {unknown}
 i - 3 scrolls of fear {unknown}
 l - a scroll of vulnerability {unknown}
 m - a scroll of enchant weapon {unknown}
 n - a scroll of immolation
 p - a scroll of amnesia {unknown}
 q - a scroll of enchant armour {unknown}
Potions
 g - a potion of curing {unknown}
 j - a potion of flight {unknown}


   Skills:
 + Level 4.6 Fighting
 + Level 1.0 Short Blades
 + Level 1.0 Long Blades
 + Level 1.0 Axes
 + Level 1.0 Maces & Flails
 + Level 1.0 Polearms
 + Level 1.0 Staves
 + Level 8.5 Ranged Weapons
 + Level 1.0 Throwing
 + Level 1.0 Armour
 + Level 4.6 Dodging
 + Level 2.5 Stealth
 + Level 1.0 Shields
 + Level 1.0 Unarmed Combat
 + Level 1.0 Spellcasting
 + Level 0.7 Conjurations
 + Level 0.7 Hexes
 + Level 0.7 Summonings
 + Level 0.7 Necromancy
 + Level 0.7 Translocations
 + Level 0.7 Transmutations
 + Level 0.7 Fire Magic
 + Level 0.7 Ice Magic
 + Level 0.7 Air Magic
 + Level 0.7 Earth Magic
 + Level 0.7 Poison Magic
 + Level 1.1 Invocations
 + Level 1.0 Evocations


You had 3 spell levels left.
You knew the following spells:

 Your Spells              Type           Power      Damage    Failure   Level
a - Shock                 Conj/Air       12%        1d3       34%         1

Your spell library contained the following spells:

 Spells                   Type           Power      Damage    Failure   Level
 Lesser Beckoning         Tloc           6%         N/A       45%         2
 Gell's Gravitas          Tloc           3%         N/A       71%         3
 Teleport Other           Tloc           3%         N/A       71%         3


Dungeon Overview and Level Annotations

Branches:
Dungeon (3/15)

Altars:
Vehumet

Annotations:
D:3 Natasha


Innate Abilities, Weirdness & Mutations

You have very sharp teeth.
Your uncanny sense of smell can sniff out nearby items.
Your experience applies equally to all skills.


Message History

The jackal attacks as you move away! The jackal closely misses you.
The jackal attacks as you move away! The jackal barely misses you.
The jackal attacks as you move away! The jackal closely misses you.
The jackal misses you. The jackal attacks as you move away!
The jackal bites you.
* * * LOW HITPOINT WARNING * * *
Things that are here:
a +0 club; 2 stones; an adder corpse The jackal attacks as you move away!
The jackal barely misses you. The jackal bites you.
* * * LOW HITPOINT WARNING * * *
The jackal closely misses you. The jackal attacks as you move away!
The jackal closely misses you.
Natasha mumbles some strange words.
The jackal misses you. The jackal attacks as you move away!
The jackal misses you. The jackal completely misses you.
The jackal bites you but does no damage.
You see here a +0 barding.
The jackal attacks as you move away! The jackal barely misses you.
The jackal closely misses you. The jackal bites you.
* * * LOW HITPOINT WARNING * * *
The jackal bites you but does no damage.
The jackal attacks as you move away!
The jackal bites you but does no damage.
Natasha attacks as you move away! Natasha closely misses you.
Natasha wildly gestures.
Natasha's front paws start to glow.
There is a stone staircase leading down here.
The cerulean imp closely misses you.
Natasha wildly gestures.
Natasha's front paws start to glow.
Natasha misses you.
You climb downwards.
The cerulean imp disappears in a puff of smoke!
There is a stone staircase leading up here.
It was a potion of brilliance.
You feel clever all of a sudden. The jackal barely misses you.
Natasha claws you!
You die...

∆ #####
#.h@#∆
.......h..#
#.#.#.#####
# #. #


You could see Natasha and a jackal.

Vanquished Creatures
  An adder (D:2)
  4 dart slugs (D:1)
  2 endoplasms
  A giant cockroach (D:1)
  A goblin (D:1)
  3 hobgoblins
  8 jackals
  A ball python (D:1)
  5 bats (D:1)
  3 frilled lizards
  2 kobolds (D:2)
  2 rats
33 creatures vanquished.

Notes
Turn   | Place    | Note
-------+----------+-------------------------------------------
     0 | D:1      | maniek23 the Gnoll Hunter began the quest for the Orb.
     0 | D:1      | Reached XP level 1. HP: 20/20 MP: 1/1
   178 | D:1      | Reached XP level 2. HP: 26/26 MP: 2/2
   236 | D:1      | Found a faded altar of an unknown god.
   246 | D:1      | Prayed at the altar of an unknown god.
   246 | D:1      | Became a worshipper of Vehumet
   246 | D:1      | Reached * piety under Vehumet
   246 | D:1      | Offered knowledge of Shock by Vehumet.
   249 | D:1      | Learned a level 1 spell: Shock
   448 | D:1      | Reached XP level 3. HP: 23/31 MP: 3/3
   747 | D:2      | Reached skill level 1 in Invocations
   868 | D:2      | Reached skill level 1 in Short Blades
   868 | D:2      | Reached skill level 1 in Long Blades
   868 | D:2      | Reached skill level 1 in Axes
   868 | D:2      | Reached skill level 1 in Maces & Flails
   868 | D:2      | Reached skill level 1 in Polearms
   868 | D:2      | Reached skill level 1 in Staves
   868 | D:2      | Reached skill level 1 in Throwing
   868 | D:2      | Reached skill level 1 in Armour
   868 | D:2      | Reached skill level 1 in Shields
   868 | D:2      | Reached skill level 1 in Unarmed Combat
   868 | D:2      | Reached skill level 1 in Spellcasting
   868 | D:2      | Reached skill level 1 in Evocations
   868 | D:2      | Reached ** piety under Vehumet
   957 | D:2      | Noticed Natasha
   994 | D:3      | Slain by Natasha

Illustrated notes

Levels and vault maps discovered:
D:1:      dpeg_arrival_rooms_c, layout_loops_ring,
          shapermc_ecumenical_altar_mp_ritualfount, minmay_cut_off
D:2:      layout_rooms, uniq_natasha, uniq_robin
D:3:      layout_basic, mainiacjoe_overflow_tiny_flanked,
          mainiacjoe_overflow_alcove_2, makhleb_altar_promises_db, uniq_sigmund

Skill      XL: |  1  2  3 |
---------------+----------+-----
Invocations    | 1 |  1.1
Short Blades   | 1 |  1.0
Long Blades    | 1 |  1.0
Axes           | 1 |  1.0
Maces & Flails | 1 |  1.0
Polearms       | 1 |  1.0
Staves         | 1 |  1.0
Throwing       | 1 |  1.0
Armour         | 1 |  1.0
Shields        | 1 |  1.0
Unarmed Combat | 1 |  1.0
Spellcasting   | 1 |  1.0
Evocations     | 1 |  1.0
Fighting       | |  4.6
Ranged Weapons | |  8.5
Dodging        | |  4.6
Stealth        | |  2.5
Conjurations   | |  0.7
Hexes          | |  0.7
Summonings     | |  0.7
Necromancy     | |  0.7
Translocations | |  0.7
Transmutations | |  0.7
Fire Magic     | |  0.7
Ice Magic      | |  0.7
Air Magic      | |  0.7
Earth Magic    | |  0.7
Poison Magic   | |  0.7

Action                     || total
---------------------------++-------
  Melee: Long sword        ||    29
         Bite              ||     2
         Punch             ||     1
   Fire: Shortbow          ||    61
    Use: Potion            ||     1
 Armour: Leather armour    ||    16
  Dodge: Dodged            ||    70
